 Dungeon Crawl Stone Soup version 0.31.0-11-ge490571c62 (console) character file.

Game seed: 4585994366259861797

130 Zeia the Trooper (level 4, -5/41 HPs)
             Began as a Minotaur Fighter on Jan 26, 2024.
             Slain by an ice beast (11 damage)
             ... on level 4 of the Dungeon.
             The game lasted 00:06:47 (2125 turns).

Zeia the Trooper (Minotaur Fighter)                 Turns: 2125, Time: 00:06:48

Health: -5/41      AC: 12    Str: 23    XL:     4   Next: 89%
Magic:  3/3        EV:  6    Int:  5    God:
Gold:   103        SH:  4    Dex:  9    Spells: 3/3 levels left

rFire   . . .        a - +0 war axe
rCold   . . .        c - +0 buckler
rNeg    . . .        h - +0 plate armour
rPois   .            (helmet restricted)
rElec   .            (no cloak)
rCorr   .            (no gloves)
SInv    .            (no boots)
Will    .....        (no amulet) Stlth
                     (no ring)
HPRegen 0.26/turn    (no ring)
MPRegen 0.08/turn

%: no passive effects
@: no status effects
A: horns 2, retaliatory headbutt
a: no special abilities


You were on level 4 of the Dungeon.
You visited 1 branch of the dungeon, and saw 4 of its levels.

You collected 103 gold pieces.

Inventory:

Hand Weapons
 a - a +0 war axe (weapon)
Armour
 b - a +0 scale mail
 c - a +0 buckler (worn)
 h - a +0 plate armour (worn)
 l - the +0 ring mail of Taen Upn {rPois rF+}
   (You found it on level 3 of the Dungeon)

   rF+:       It protects you from fire.
   rPois:     It protects you from poison
Jewellery
 n - an amulet of regeneration
Scrolls
 e - a scroll of enchant armour {unknown}
 f - a scroll of enchant weapon {unknown}
 i - a scroll of silence {unknown}
 j - 2 scrolls of teleportation {unknown}
 k - 2 scrolls of identify {unknown}
 m - a scroll of blinking {unknown}
 o - a scroll of amnesia {unknown}
Potions
 d - a potion of might
 g - a potion of attraction {unknown}
 p - a potion of cancellation {unknown}


   Skills:
 + Level 4.9 Fighting
 + Level 4.0 Axes
 + Level 4.9 Armour
 - Level 3.6 Shields


You had 3 spell levels left.
You didn't know any spells.
Your spell library contained the following spells:

 Spells                   Type           Power      Damage    Failure   Level
 Freeze                   Ice            0%         1d3       100%        1
 Magic Dart               Conj           0%         1d3       100%        1
 Blink                    Tloc           0%         N/A       100%        2
 Call Imp                 Summ           0%         N/A       100%        2
 Frozen Ramparts          Ice            0%         1d1       100%        3
 Hailstorm                Conj/Ice       0%         3d5       100%        3


Dungeon Overview and Level Annotations

Branches:
Dungeon (4/15)
 Temple: D:4-7

Altars:


Innate Abilities, Weirdness & Mutations

You have a pair of horns on your head.
You reflexively headbutt those who attack you in melee.


Message History

Unknown command.
The web tears apart.
The ice beast barely misses you.
You slash the ribbon worm!
You kill the ribbon worm!
You hit the ice beast but do no damage. You hit the jackal but do no damage.
The jackal bites you but does no damage.
The jackal closely misses you. You furiously retaliate!
You headbutt the jackal!
You kill the jackal!
The ice beast hits you. The ice beast freezes you!
Unknown command.
You barely miss the ice beast. You headbutt the ice beast.
The ice beast is lightly wounded.
The ice beast barely misses you.
Unknown command.
You hit the ice beast. Your headbutt misses the ice beast.
The ice beast is moderately wounded.
The ice beast hits you. The ice beast freezes you!
The ice beast hits you but does no damage.
You are too injured to fight recklessly!
You are too injured to fight recklessly!
You are too injured to fight recklessly!
You are too injured to fight recklessly!
You are too injured to fight recklessly!
You barely miss the ice beast. Your headbutt misses the ice beast.
The ice beast is moderately wounded.
The ice beast hits you but does no damage.
You completely miss the ice beast.
The ice beast is moderately wounded.
The ice beast barely misses you.
The ice beast hits you but does no damage.
You barely miss the ice beast.
The ice beast is moderately wounded.
The ice beast hits you. The ice beast freezes you!
* * * LOW HITPOINT WARNING * * *
You hit the ice beast but do no damage. You headbutt the ice beast.
The ice beast is moderately wounded.
The ice beast hits you.
* * * LOW HITPOINT WARNING * * *
The ice beast freezes you!
You die...

..# ##..# ###... ..###..
....# #.....#........
....## #....##........
.<...# #.....#........
.....## ###..#..........
......###...............
#.......................
#.....####.......†......
#....####..#....@)<.....
#.##..##...##...Y.......
.#####.....##...........
. ##....#............ .
#.................
#.................
##................
.................
......... .........
.......


You could see an ice beast.

Vanquished Creatures
  Jessica (D:3)
  3 adders
  A dart slug (D:1)
  A ribbon worm (D:4)
  An orc (D:4)
  3 endoplasms
  3 giant cockroaches
  9 goblins
  4 hobgoblins
  8 jackals
  6 kobolds
  4 quokkas
  5 ball pythons (D:1)
  7 bats
  A frilled lizard (D:1)
  7 rats
64 creatures vanquished.

Notes
Turn   | Place    | Note
-------+----------+-------------------------------------------
     0 | D:1      | Zeia the Minotaur Fighter began the quest for the Orb.
     0 | D:1      | Reached XP level 1. HP: 19/19 MP: 0/0
   115 | D:1      | Reached XP level 2. HP: 27/27 MP: 1/1
   495 | D:1      | Reached XP level 3. HP: 33/33 MP: 2/2
  1287 | D:3      | Identified the +0 ring mail of Taen Upn {rPois rF+}
  1379 | D:3      | Reached XP level 4. HP: 36/41 MP: 3/3
  1599 | D:3      | Noticed Jessica
  1609 | D:3      | Killed Jessica
  2112 | D:4      | Noticed an ice beast
  2125 | D:4      | Slain by an ice beast

Illustrated notes

Levels and vault maps discovered:
D:1:      minmay_arrival_pointy, layout_basic
D:2:      layout_basic
D:3:      layout_basic, uniq_jessica
D:4:      layout_layer_cave

Skill      XL: |  1  2  3  4 |
---------------+-------------+-----
Armour         | 4 |  4.9
Fighting       | 4 |  4.9
Axes           | 3 4 |  4.0
Shields        | |  3.6

Action                     |  1- 3 |  4- 6 || total
---------------------------+-------+-------++-------
  Melee: War axe           |    82 |    57 ||   139
         Headbutt          |    15 |     9 ||    24
 Armour: Scale mail        |    22 |       ||    22
         Plate armour      |    37 |    60 ||    97
  Dodge: Dodged            |    26 |    19 ||    45
  Block: Buckler           |    19 |    16 ||    35
